 Dungeon Crawl Stone Soup version 0.29-a0-1016-g236c7fd91e (webtiles) character file.

Game seed: 3406488897992804690

17740 flotson the Cleaver (level 12, -10/95 HPs)
             Began as a Demonspawn Delver on Aug 10, 2022.
             Was an Initiate of Gozag.
             Engulfed by a fire crab's flame (15 damage)
             ... on level 1 of the Lair of Beasts.
             The game lasted 00:22:12 (17089 turns).

flotson the Cleaver (Demonspawn Delver)            Turns: 17089, Time: 00:22:14

Health: -10/95     AC: 15    Str: 17    XL:     12   Next: 21%
Magic:  12/12      EV: 17    Int: 13    God:    Gozag
Gold:   2566       SH:  0    Dex: 14    Spells: 11/11 levels left

rFire   . . .      SeeInvis .   b - +2 war axe (freeze)
rCold   . . .      Faith    .   Q - orb {mayhem}
rNeg    . . .      Spirit   .   m - +0 scale mail
rPois   .          Reflect  .   (helmet restricted)
rElec   .          Harm     .   u - +1 cloak
rCorr   .          Rampage  .   (no gloves)
Will    .....                   I - +0 pair of boots
Stlth   +.........              (no amulet)
HPRegen 0.25/turn               e - +4 ring of protection
MPRegen 0.26/turn               j - +4 ring of evasion

@: studying Axes
A: antennae 2, hooves 2, demonic guardian 2, magic regeneration, demonic touch 1
a: Renounce Religion, Potion Petition, Call Merchant, Bribe Branch


You were on level 1 of the Lair of Beasts.
You worshipped Gozag.
Gozag was most pleased with you.
You visited 3 branches of the dungeon, and saw 12 of its levels.
You also visited: Bailey.

You collected 2636 gold pieces.
You paid 70 gold pieces to Gozag.

Inventory:

Hand Weapons
 a - a +1 whip of electrocution
 b - a +2 war axe of freezing (weapon)
Missiles
 k - 6 javelins
 r - 8 poisoned darts
 J - 14 boomerangs (quivered)
Armour
 m - a +0 scale mail (worn)
 q - the +1 plate armour "Musixas" {rF++ Str+3 Int-4 Dex+4}
   (You found it in a bailey)

   Str:       It affects your strength (+3).
   Int:       It affects your intelligence (-4).
   Dex:       It affects your dexterity (+4).
   rF:        It greatly protects you from fire.
 u - a +1 cloak (worn)
 I - a +0 pair of boots (worn)
 Q - an orb of mayhem (worn)
Jewellery
 e - a +4 ring of protection (left hand)
 j - a +4 ring of evasion (right hand)
 o - a ring of wizardry
 v - a ring of protection from fire
 y - a +6 ring of strength
 E - a ring of fire
Wands
 g - a wand of digging (3)
 A - a wand of mindburst (9)
 D - a wand of flame (24)
 L - a wand of charming (11)
 M - a wand of roots (6)
 N - a wand of acid (13)
Scrolls
 c - 5 scrolls of fog
 d - 3 scrolls of magic mapping
 h - a scroll of noise {unknown}
 n - 8 scrolls of teleportation
 s - 4 scrolls of fear
 x - a scroll of blinking {unknown}
 z - a scroll of torment {unknown}
 B - 6 scrolls of vulnerability {unknown}
 C - a scroll of enchant armour {unknown}
 G - a scroll of poison {unknown}
 O - 3 scrolls of enchant weapon {unknown}
 P - a scroll of summoning {unknown}
Potions
 f - a potion of haste
 i - 3 potions of lignification
 l - 3 potions of cancellation
 p - 5 potions of might
 t - a potion of berserk rage
 w - 2 potions of invisibility
 F - 6 potions of heal wounds
 H - a potion of flight
 K - a potion of resistance {unknown}
 R - 3 potions of curing
 S - a potion of ambrosia {unknown}
 T - a potion of brilliance
 U - a potion of mutation {unknown}
 V - a potion of magic


   Skills:
 + Level 9.0 Fighting
 + Level 9.7 Axes
 + Level 7.4 Throwing
 + Level 7.5 Armour
 + Level 7.8 Dodging
 - Level 4.5 Stealth
 + Level 8.4 Evocations


You had 11 spell levels left.
You didn't know any spells.
Your spell library contained the following spells:

 Spells                   Type           Power      Damage    Failure   Level
 Apportation              Tloc           0%         N/A       65%         1
 Necrotise                Necr           0%         1d4       65%         1
 Slow                     Hex            0%         N/A       65%         1
 Summon Small Mammal      Summ           0%         N/A       65%         1
 Sublimation of Blood     Necr           0%         N/A       80%         2
 Wereblood                Tmut           0%         N/A       80%         2
 Confusing Touch          Hex            0%         N/A       95%         3
 Gell's Gravitas          Tloc           0%         N/A       95%         3
 Ignite Poison            Fire/Tmut/Pois 0%         N/A       95%         3
 Lesser Beckoning         Tloc           0%         N/A       95%         3
 Mephitic Cloud           Conj/Pois/Air  0%         N/A       95%         3
 Ozocubu's Armour         Ice            0%         N/A       95%         3
 Teleport Other           Tloc           0%         N/A       95%         3
 Vampiric Draining        Necr           0%         2d6       95%         3
 Passage of Golubria      Tloc           0%         N/A       100%        4
 Freezing Cloud           Conj/Ice/Air   0%         6-21      100%        5
 Silence                  Hex/Air        0%         N/A       100%        5
 Summon Forest            Summ/Tloc      0%         N/A       100%        5
 Summon Mana Viper        Hex/Summ       0%         N/A       100%        5
 Summon Cactus Giant      Summ           0%         N/A       100%        6
 Haunt                    Necr/Summ      0%         N/A       100%        7
 Ozocubu's Refrigeration  Ice            0%         4d7       100%        7
 Summon Hydra             Summ           0%         N/A       100%        7
 Infestation              Necr           0%         N/A       100%        8
 Lehudib's Crystal Spear  Conj/Erth      0%         10d2      100%        8
 Animate Dead             Necr           Unusable   N/A       N/A         4

Dungeon Overview and Level Annotations

Branches:
Dungeon (10/15)            Temple (1/1) D:4            Lair (1/5) D:9
    Orc (0/2) D:10         Bailey (visited)

Altars:
Ashenzari
Cheibriados
Dithmenos
Fedhas
Gozag
Hepliaklqana
Makhleb
Nemelex Xobeh
Qazlal
Ru
Sif Muna
Trog
Vehumet
Wu Jian
Yredelemnul

Shops:
D:5 (

Annotations:
D:8 3 runed translucent doors, freelancePsychic's ghost, novice DrMo
D:9 3 runed translucent doors, Manisian's ghost, journeyman DESu; Newt's ghost, novice DsGl


Innate Abilities, Weirdness & Mutations

You have a pair of antennae on your head.
You have hoof-like feet.
A demonic guardian rushes to your aid.
You regenerate magic rapidly.
Your touch may inflict minor irresistible damage on your foes.


Message History

The fire crab barely misses you. x2
You hit the fire crab but do no damage.
The fire crab is severely wounded.
The fire crab breathes flames at you. The blast of flame misses you.
You hit the fire crab. You freeze the fire crab.
The fire crab is severely wounded.
You are engulfed in blazing flames.
The fire crab breathes flames at you.
The blast of flame engulfs you but does no damage.
You hit the fire crab but do no damage.
The fire crab is severely wounded.
You are engulfed in blazing flames.
The fire crab bites you.
You are engulfed in flames!
The fire crab claws you but does no damage.
You are too injured to fight recklessly!
You are too injured to fight recklessly!
You are too injured to fight recklessly!
You are too injured to fight recklessly!
You are too injured to fight recklessly!
You are too injured to fight recklessly!
You are too injured to fight recklessly!
You are too injured to fight recklessly!
You hit the fire crab but do no damage.
The fire crab is severely wounded.
You are engulfed in blazing flames.
* * * LOW HITPOINT WARNING * * *
The fire crab bites you but does no damage.
The fire crab claws you!
* * * LOW HITPOINT WARNING * * *
A demonic guardian appears!
You are engulfed in flames!
* * * LOW HITPOINT WARNING * * *
Aiming: Corrosive Bolt
Press: ? - help, Shift-Dir - straight line, f - fire crab
Aim: a fire crab (severely wounded, ally target, 88% to hit)
The bolt of acid hits the fire crab!
The acid corrodes the fire crab!
The fire crab is almost dead.
You are engulfed in blazing flames.
You die...
Your body crumbles into a pile of gold.

### #.## ### ####..## #.##
####P#.#..####..
###..........(##.P
###.###.........#...
#<.#.#..............
#................... ###
#..@............#...
#.###..4t.##........##..
#.........##....#>..#...
###................###....
#.............[##.## #####
###..........^#######
#.#...........#
#...#.......### ≈......
##.........#.# .....≈~..


You could see a fire crab (corroded, ally target) and a friendly hellwing
(summoned).

Vanquished Creatures
  An orc warlord (Bailey)
  A hydra (Lair:1)
  3 two-headed ogres
  3 death yaks (D:9)
  A cyclops (D:9)
  2 cane toads (Lair:1)
  Psyche (D:9)
  3 trolls
  A hornet (D:8)
  A shadow (D:10)
  2 wyverns
  8 yaks (Lair:1)
  4 humans (D:10)
  2 steam dragons (D:9)
  An acid dragon (D:9)
  5 water moccasins
  2 black bears
  8 orc warriors
  An ice beast (D:5)
  2 sky beasts
  3 wolves (Lair:1)
  3 centaurs
  3 phantoms
  5 scorpions
  6 bullfrogs
  A gnoll sergeant (D:5)
  20 wights
  7 killer bees (D:9)
  4 howler monkeys
  A jelly (D:6)
  A gnoll bouda (D:5)
  An orc priest (D:7)
  3 hounds
  Jessica (D:2)
  3 iguanas
  3 orc wizards
  10 gnolls
  2 river rats (D:9)
  An adder (D:5)
  3 white imps
  2 ufetubi
  2 worms (D:2)
  3 dart slugs
  30 orcs
  7 ball pythons
  7 bats (D:1)
  3 endoplasms (D:1)
  A giant cockroach (D:4)
  9 goblins
  12 hobgoblins
  10 jackals
  4 quokkas
  4 frilled lizards
  16 kobolds
  5 rats
248 creatures vanquished.

Vanquished Creatures (collateral kills)
  A hydra (Lair:1)
  2 cane toads (Lair:1)
  A komodo dragon (Lair:1)
  A polar bear (Lair:1)
  5 yaks (Lair:1)
  A steam dragon (D:9)
  2 wolves (Lair:1)
  An ogre (D:4)
  2 wights (D:9)
  A killer bee (D:9)
  An adder (D:3)
  6 orcs
  A goblin (Bailey)
  A frilled lizard (D:1)
  A kobold (Bailey)
27 creatures vanquished.

Vanquished Creatures (others)
  A killer bee (D:9)
  3 orcs (D:10)
  4 fungi (Lair:1)
  A plant (D:5)
9 creatures vanquished.

Grand Total: 284 creatures vanquished

Notes
Turn   | Place    | Note
-------+----------+-------------------------------------------
     0 | D:5      | flotson the Demonspawn Delver began the quest for the Orb.
     0 | D:5      | Reached XP level 1. HP: 18/18 MP: 1/1
   131 | D:5      | Noticed a phantom
   141 | D:5      | Noticed a water moccasin
   143 | D:5      | Found Toyfonua's Weapon Emporium.
   146 | D:4      | Found a shadowy altar of Dithmenos.
   436 | D:2      | Gained mutation: A weak demonic guardian rushes to your
                  | aid. [demonic ancestry]
   436 | D:2      | Reached XP level 2. HP: 11/24 MP: 2/2
   623 | D:2      | Found a shimmering blue altar of Sif Muna.
   644 | D:2      | Noticed Jessica
  1104 | D:1      | Reached skill level 1 in Evocations
  1343 | D:1      | Reached skill level 1 in Armour
  1353 | D:1      | Found a faded altar of an unknown god.
  1366 | D:1      | Reached XP level 3. HP: 28/29 MP: 3/3
  2428 | D:2      | Killed Jessica
  2429 | D:2      | Discovered your monstrous ancestry.
  2429 | D:2      | Gained mutation: You have large cloven feet. [demonic
                  | ancestry]
  2429 | D:2      | Reached XP level 4. HP: 30/35 MP: 4/4
  2926 | D:3      | Found a sacrificial altar of Ru.
  3023 | D:3      | Noticed a black bear
  3036 | D:3      | Killed a black bear
  3037 | D:3      | Reached skill level 1 in Throwing
  3037 | D:3      | Gained mutation: A demonic guardian rushes to your aid.
                  | [demonic ancestry]
  3037 | D:3      | Reached XP level 5. HP: 22/42 MP: 5/5
  3404 | D:4      | Gained mutation: Your touch may inflict minor irresistible
                  | damage on your foes. [demonic ancestry]
  3404 | D:4      | Reached XP level 6. HP: 37/48 MP: 6/6
  3534 | D:4      | Found a staircase to the Ecumenical Temple.
  3546 | Temple   | Entered the Ecumenical Temple
  3604 | Temple   | Became a worshipper of Gozag Ym Sagoz the Greedy
  3732 | D:4      | Found a hazy altar of Hepliaklqana.
  4108 | D:4      | Identified the +6 dagger "Loraawk" {drain, Dex+3}
  4229 | D:5      | Reached XP level 7. HP: 46/54 MP: 7/7
  4655 | D:5      | Gained mutation: You have a pair of small antennae on your
                  | head. [demonic ancestry]
  4655 | D:5      | Reached XP level 8. HP: 16/61 MP: 8/8
  5083 | D:6      | Reached skill level 5 in Fighting
  6241 | D:7      | Found a broken altar of Ashenzari.
  6290 | D:7      | Gained mutation: You regenerate magic rapidly. [demonic
                  | ancestry]
  6290 | D:7      | Reached XP level 9. HP: 69/69 MP: 9/9
  6683 | D:7      | Reached skill level 5 in Dodging
  6683 | D:7      | Reached skill level 5 in Evocations
  7002 | D:7      | Found a radiant altar of Vehumet.
  7384 | D:8      | Found a flagged portal.
  7395 | Bailey   | Entered a bailey
  7431 | Bailey   | Noticed an orc warlord
  7502 | Bailey   | Reached skill level 5 in Axes
  7639 | Bailey   | Found a runed translucent gate.
  7642 | Bailey   | Found a runed translucent gate.
  7644 | Bailey   | Found a runed translucent gate.
  7931 | Bailey   | Killed an orc warlord
  7932 | Bailey   | Reached skill level 5 in Armour
  8068 | Bailey   | Identified the +1 plate armour "Musixas" {rF++ Str+3 Int-4
                  | Dex+4}
  8079 | Bailey   | Acquired a manual of Axes
  8099 | D:8      | Reached skill level 5 in Throwing
  8099 | D:8      | Gained mutation: You have hoof-like feet. [demonic
                  | ancestry]
  8099 | D:8      | Reached XP level 10. HP: 51/77 MP: 10/10
  8509 | D:8      | Found a runed translucent gate.
  8509 | D:8      | Found a runed translucent gate.
  8509 | D:8      | Found a runed translucent gate.
  8510 | D:8      | Noticed freelancePsychic's ghost (novice DrMo)
  9871 | D:8      | Noticed a two-headed ogre
  9882 | D:8      | HP: 1/73 [two-headed ogre/+0 giant club (18)]
  9884 | D:8      | Killed a two-headed ogre
 10445 | D:9      | Noticed Newt's ghost (novice DsGl)
 10445 | D:9      | Noticed Manisian's ghost (journeyman DESu)
 10445 | D:9      | Found a runed translucent gate.
 10445 | D:9      | Found a runed translucent gate.
 10445 | D:9      | Found a runed translucent gate.
 10505 | D:9      | Noticed a death yak
 10506 | D:9      | Found a staircase to the Lair.
 10506 | D:9      | Noticed a death yak
 10506 | D:9      | Noticed a death yak
 10529 | D:9      | Killed a death yak
 10841 | D:9      | Killed a death yak
 10855 | D:9      | Killed a death yak
 11402 | D:9      | Gained mutation: You have a pair of antennae on your head.
                  | [demonic ancestry]
 11402 | D:9      | Reached XP level 11. HP: 78/84 MP: 11/11
 11574 | D:9      | Noticed Psyche
 11578 | D:9      | Killed Psyche
 11825 | D:9      | Found a blossoming altar of Fedhas.
 11973 | D:9      | Noticed a two-headed ogre
 12249 | D:9      | Killed a two-headed ogre
 12827 | D:10     | Entered Level 10 of the Dungeon
 12903 | D:10     | Found a basalt altar of Yredelemnul.
 12966 | D:10     | Noticed a two-headed ogre
 12982 | D:10     | Killed a two-headed ogre
 13153 | D:10     | Found a snail-covered altar of Cheibriados.
 14140 | D:10     | Found a staircase to the Orcish Mines.
 14540 | Lair:1   | Entered Level 1 of the Lair of Beasts
 14542 | Lair:1   | Noticed a five-headed hydra
 14558 | Lair:1   | Killed a five-headed hydra
 15913 | Lair:1   | Reached XP level 12. HP: 44/94 MP: 12/12
 16538 | Lair:1   | Noticed a four-headed hydra
 16571 | Lair:1   | HP: 4/94 [four-headed hydra (11)]
 16572 | Lair:1   | Killed a four-headed hydra
 17089 | Lair:1   | Engulfed by a fire crab's flame

Illustrated notes

Levels and vault maps discovered:
D:1:      dpeg_arrival_simpleton_a, layout_basic,
          hellmonk_ecumenical_altar_crossroads, minmay_tromino_mix6
D:2:      layout_loops_ring, basic_altar, minmay_bisected, uniq_jessica
D:3:      layout_rooms, nicolae_ru_the_path_less_chosen
D:4:      layout_loops_cross, worldfamousw_hep_ancestral_shrine,
          grunt_dithmenos_smoke, minmay_temple_entry_offerings
D:5:      layout_rooms, portal_sewer_entry_e, serial_glass, glass_columns_c,
          glass_columns_a, serial_shops, shop, nicolae_grassy_gnolls
D:6:      layout_loops_ring
D:7:      layout_cave_pools, mainiacjoe_overflow_tiny_flanked,
          mainiacjoe_overflow_alcove_4, serial_column_ruins,
          column_ruins_open_medium, column_ruins_corridor_straight,
          column_ruins_grid_1, column_ruins_columns_straight,
          column_ruins_columns_T, column_ruins_open_small,
          minmay_misc_feat_square, grunt_ministairs_5
D:8:      layout_basic, enter_bailey_2, gammafunk_ghost_necromancy
D:9:      layout_irregular_city, nicolae_overflow_hidden_temple,
          marbit_many_paths, dpeg_lair_monsters, gammafunk_ghost_cemetery,
          amethyst_killhole, chequers_mini_garden, minivault_5,
          lightli_fourway_metalbox, uniq_psyche
D:10:     layout_stronghold, kennysheep_mini_moat, mainiacjoe_overflow_alcove_1,
          hiddenorc1_lemuel, minmay_ruffians
Temple:   hellmonk_temple_forest_ring
Lair:1:   layout_cave_shapes, fungi_pond_lemuel, nicolae_lair_lakeside_cave

Skill      XL: |  1  2  3  4  5  6  7  8  9 10 11 12 |
---------------+-------------------------------------+-----
Dodging        | 2 3 4 5 6 7 |  7.8
Evocations     | 1 2 3 4 5 6 8 |  8.4
Armour         | 1 2 3 4 5 6 7 |  7.5
Axes           | 2 3 4 5 7 9 |  9.7
Throwing       | 1 2 3 5 6 7 |  7.4
Fighting       | 4 5 6 7 8 9 |  9.0
Stealth        | |  4.5

Action                   |  1- 3 |  4- 6 |  7- 9 | 10-12 || total
-------------------------+-------+-------+-------+-------++-------
Melee: Morningstar       |   139 |    41 |       |       ||   180
       Hand axe          |     5 |       |       |       ||     5
       Punch             |     1 |     1 |     4 |     1 ||     7
       Kick              |       |    19 |    38 |       ||    57
       Whip              |       |    37 |   258 |    96 ||   391
       Touch             |       |     7 |    48 |     6 ||    61
       War axe           |       |       |       |   306 ||   306
Throw: Dart              |       |     9 |       |       ||     9
       Boomerang         |       |       |    32 |    13 ||    45
Evoke: Wand              |       |       |     8 |    16 ||    24
  Use: Scroll            |     2 |       |     2 |    10 ||    14
       Potion            |       |       |     1 |     1 ||     2
 Stab: Sleeping          |     1 |     2 |     3 |     1 ||     7
       Distracted        |       |     2 |     1 |     3 ||     6
Armor: Scale mail        |   105 |    35 |   113 |   185 ||   438
       Leather armour    |     4 |       |       |       ||     4
Dodge: Dodged            |   102 |    47 |   126 |   417 ||   692

Table legend: (Time is in decaauts)
 A = Elapsed time spent in this place.
 B = Non-inter-level travel time spent in this place.
 C = Inter-level travel time spent in this place.
 D = Time resting spent in this place.
 E = Time spent auto-exploring this place.
 F = Levels seen in this place.
 G = Mean time per level.
                   A        B        C        D        E       F      G
               +--------+--------+--------+--------+--------+-----+--------+
         Total |  17154 |  16841 |    313 |    979 |  13500 |  13 | 1319.5 |
       Dungeon |  14310 |  14015 |    295 |    979 |  11178 |  10 | 1431.0 |
        Temple |     76 |     58 |     18 |      0 |     42 |   1 |   76.0 |
          Lair |   2081 |   2081 |      0 |      0 |   1814 |   1 | 2081.0 |
        Bailey |    685 |    685 |      0 |      0 |    465 |   1 |  685.0 |
               +--------+--------+--------+--------+--------+-----+--------+

Top non-repeatable levels by time:
     D:9: 2883 daAuts
     D:8: 2360 daAuts
  Lair:1: 2081 daAuts
    D:10: 1698 daAuts
     D:1: 1449 daAuts
     D:7: 1195 daAuts
     D:5: 1114 daAuts
     D:6: 1006 daAuts
     D:2: 943 daAuts
     D:4: 923 daAuts
     D:3: 734 daAuts
  Bailey: 685 daAuts
  Temple: 76 daAuts
